 Dungeon Crawl Stone Soup version 0.30.0-19-g36f170ea60 (webtiles) character file.

Game seed: 4637839357149726023

60 EC1 the Trooper (level 4, -5/40 HPs)
             Began as a Ghoul Fighter on May 30, 2023.
             Slain by Sigmund
             ... wielding a +0 scythe
              (7 damage)
             ... on level 4 of the Dungeon.
             The game lasted 00:05:18 (1152 turns).

EC1 the Trooper (Ghoul Fighter)                     Turns: 1152, Time: 00:05:21

Health: -5/40      AC:  7    Str: 21    XL:     4   Next: 6%
Magic:  3/3        EV:  9    Int:  3    God:
Gold:   1          SH:  4    Dex:  8    Spells: 3/3 levels left

rFire   . . .        a - +1 flail
rCold   + . .        c - +0 buckler
rNeg    + + +        b - +0 scale mail
rPois   ∞            (no helmet)
rElec   .            (no cloak)
rCorr   .            (no gloves)
SInv    .            h - +0 pair of boots
Will    .....        (no amulet) Stlth
                     e - ring of poison resistance
HPRegen 0.00/turn    (no ring)
MPRegen 0.08/turn

%: no passive effects
@: inhibited regen, slowed, very slow
A: claws 1, cold resistance 1, negative energy resistance 3, inhibited
regeneration, torment resistance 2, devour on kill
a: no special abilities


You were on level 4 of the Dungeon.
You visited 1 branch of the dungeon, and saw 3 of its levels.

You collected 57 gold pieces.
You spent 56 gold pieces at shops.

Inventory:

Hand Weapons
 a - a +1 flail (weapon)
Armour
 b - a +0 scale mail (worn)
 c - a +0 buckler (worn)
 h - a +0 pair of boots (worn)
Jewellery
 e - a ring of poison resistance (left claw)
Scrolls
 g - a scroll of enchant weapon
 k - 2 scrolls of identify
Potions
 d - 2 potions of might
 f - a potion of curing
 i - 2 potions of brilliance
 j - a potion of berserk rage {unknown}


   Skills:
 * Level 4.1 Fighting
 + Level 2.5 Maces & Flails
 + Level 3.1 Armour
 + Level 0.3 Dodging
 + Level 2.7 Shields


You had 3 spell levels left.
You didn't know any spells.
Your spell library was empty.

Dungeon Overview and Level Annotations

Branches:
Dungeon (2/15)

Altars:
Kikubaaqudgha

Shops:
D:1 (   D:4 *?(

Annotations:
D:4 Natasha, Sigmund


Innate Abilities, Weirdness & Mutations

You are immune to poison.
You have sharp fingernails.
Your flesh is cold resistant. (rC+)
You are immune to negative energy. (rN+++)
You do not regenerate when monsters are visible.
You are immune to unholy pain and torment.
You thrive by killing the living.


Message History

You barely miss the kobold. The kobold closely misses you.
Sigmund casts a spell at you. You resist with some effort.
You hit the kobold.
You kill the kobold!
Natasha, Servant of Life and Death comes into view.
Things that are here:
a +0 club; a kobold corpse Sigmund closely misses you.
Sigmund hits you with a +0 scythe.
You hit Sigmund.
Sigmund is moderately wounded.
Natasha claws you. You block Sigmund's attack. Natasha barely misses you.
Natasha attacks as you move away! Natasha barely misses you.
You barely miss Natasha.
Sigmund hits you from afar with a +0 scythe!
Natasha claws you!
* * * LOW HITPOINT WARNING * * *
Natasha attacks as you move away! Natasha closely misses you.
Natasha casts a spell at you.
You feel yourself slow down.
Sigmund says, "You will soon forget everything."
Sigmund hits you but does no damage.
You closely miss Natasha.
Natasha extends her claws.
Natasha closely misses you. Natasha claws you but does no damage.
Sigmund hits you from afar with a +0 scythe.
* * * LOW HITPOINT WARNING * * *
Natasha attacks as you move away! Natasha closely misses you.
Natasha mumbles some strange words.
Natasha shimmers violently.
Natasha casts a spell at you. You resist with some effort.
You hit Natasha.
Natasha is heavily wounded.
Sigmund hits you from afar with a +0 scythe.
* * * LOW HITPOINT WARNING * * *
You block Natasha's attack. Natasha barely misses you.
Sigmund hits you from afar with a +0 scythe!
You die...

##### ....# ....#
########### ..(.#
#.........# #. ....#
#.........##.... ....#
#............... ....#
#.........≈≈≈≈≈ ....#
#∩........≈.... ....#
###...h@..≈.♣ #'###
#...@###.≈.♣ ♣ #.#
#######....##..≈.♣ .♣
#.###..##.....###..≈.♣ ..
.∩..'.........#....≈.♣.♣♣♣
#.###...........#..≈......
#.#...........####@≈≈≈≈≈≈≈
#+#......<....# #.).......
.............## #.##.#.###


You could see Sigmund and Natasha.

Vanquished Creatures
  A hound (D:4)
  An adder (D:4)
  3 endoplasms
  2 giant cockroaches (D:1)
  3 goblins (D:1)
  5 hobgoblins
  2 ball pythons (D:1)
  A bat (D:1)
  A frilled lizard (D:1)
  2 kobolds
  A rat (D:1)
22 creatures vanquished.

Notes
Turn   | Place    | Note
-------+----------+-------------------------------------------
     0 | D:1      | EC1 the Ghoul Fighter began the quest for the Orb.
     0 | D:1      | Reached XP level 1. HP: 19/19 MP: 0/0
   132 | D:1      | Found Niagg's Weapon Boutique.
   201 | D:1      | Reached XP level 2. HP: 26/26 MP: 1/1
   819 | D:2      | Found a faded altar of an unknown god.
   822 | D:2      | Found an ancient bone altar of Kikubaaqudgha.
   874 | D:2      | You fall into a shaft and drop 2 floors!
   879 | D:4      | Found Putepid's Assorted Antiques.
   913 | D:4      | Reached XP level 3. HP: 33/33 MP: 2/2
   931 | D:4      | Reached skill level 4 in Fighting
   941 | D:4      | Reached XP level 4. HP: 14/40 MP: 3/3
  1094 | D:4      | Found Ynwaetwois's Magic Scroll Shop.
  1099 | D:4      | Bought a scroll of identify for 28 gold pieces
  1099 | D:4      | Bought a scroll of identify for 28 gold pieces
  1112 | D:4      | Found Xaeqo's Antique Weapon Shop.
  1130 | D:4      | Noticed Sigmund
  1132 | D:4      | Noticed Natasha
  1152 | D:4      | HP: 2/40 [Sigmund/+0 scythe (3)]
  1152 | D:4      | Slain by Sigmund

Illustrated notes

Levels and vault maps discovered:
D:1:      wander_arrival_chamber, layout_loops_cross, serial_shops,
          nicolae_lakefront_shop
D:2:      layout_basic, basic_ecumenical_altar, basic_altar, uniq_robin
D:4:      kennysheep_kobold_camp, layout_rooms, mainiacjoe_overflow_brackets,
          serial_shops, nicolae_shop_rolling_square, shop,
          nicolae_shop_hallway_plus, uniq_sigmund, uniq_natasha

Skill      XL: |  1  2  3 |
---------------+----------+-----
Maces & Flails | 2 |  2.5
Armour         | 3 |  3.1
Fighting       | 4 |  4.1
Dodging        | |  0.3
Shields        | |  2.7

Action                     |  1- 3 |  4- 6 || total
---------------------------+-------+-------++-------
  Melee: Flail             |    55 |     9 ||    64
    Use: Scroll            |     7 |       ||     7
         Potion            |     3 |       ||     3
 Armour: Scale mail        |    38 |     3 ||    41
  Dodge: Dodged            |    32 |     9 ||    41
  Block: Buckler           |     8 |     3 ||    11
